 Dungeon Crawl Stone Soup version 0.17-a0-2171-ga91b4ec (webtiles) character file.

1525831 nicanaca0 the Conqueror (level 27, 199/199 HPs)
             Began as a Merfolk Berserker on Oct 23, 2015.
             Was a High Priest of Trog.
             Escaped with the Orb
             ... and 3 runes on Oct 25, 2015!
             The game lasted 05:44:14 (84321 turns).

nicanaca0 the Conqueror (Merfolk Berserker)        Turns: 84321, Time: 05:44:14

Health: 199/199    AC: 29    Str: 17    XL:     27
Magic:  7/7        EV: 34    Int:  7    God:    Trog [*****.]
Gold:   6218       SH: 20    Dex: 26    Spells: 0 memorised, 26 levels left

rFire  + + .     SeeInvis .     a - +5 demon trident (antimagic)
rCold  + + +     Rnd*Rage +     O - +1 chain mail of the Spheres {*Contam rC++ Int+2 Slay+2}
rNeg   + + .     SustAt   .     d - +5 shield {rF+}
rPois  +         Gourm    .     n - +2 hat of Detzexzi {rPois}
rElec  +         Spirit   .     T - +2 cloak
rCorr  .         Warding  +     e - +0 pair of gloves "Adeoptae" {*Confuse +Fly Slay+3}
rMut   .         Stasis   .     L - +2 pair of boots {rC+}
MR     +++..                    C - brooch of Shielding {Ward rN+ AC+4 EV+4}
Stlth  ..........               q - ring "Isti" {rElec rN+ MR+ AC-2}
                                j - ring of the Gloaming {rF+ Dex+2}

@: very slightly contaminated, extremely resistant to hostile enchantments,
extremely unstealthy
A: change form in water, swift swim, berserk 3, blurry vision 3, dopey 1, frail
2, weak 1
a: Berserk, Trog's Hand, Brothers in Arms, Burn Spellbooks, Renounce Religion,
Evoke Flight
0: Orb of Zot
}: 3/15 runes: decaying, serpentine, silver


You escaped.
You worshipped Trog.
Trog was extremely pleased with you.
You were completely stuffed.

You visited 9 branches of the dungeon, and saw 51 of its levels.
You also visited: Ice Cave.

You collected 7069 gold pieces.
You spent 851 gold pieces at shops.

Inventory:

Hand Weapons
 a - a +5 antimagic demon trident (weapon)
 b - a +2 glaive of flaming
 E - a +1 antimagic glaive
Missiles
 Y - 6 javelins of penetration (quivered)
Armour
 d - a +5 shield of fire resistance (worn)
 e - the +0 pair of gloves "Adeoptae" (worn) {*Confuse +Fly Slay+3}
   (You found it on level 3 of the Depths)

   It affects your accuracy and damage with ranged weapons and melee attacks
   (+3).
   It lets you fly.
   It may confuse you when you take damage.
 n - the +2 hat of Detzexzi (worn) {rPois}
   (You acquired it on level 1 of the Swamp)

   It protects you from poison.
 I - a +2 pair of gloves of archery
 L - a +2 pair of boots of cold resistance (worn)
 O - the +1 chain mail of the Spheres (worn) {*Contam rC++ Int+2 Slay+2}
   (You bought it in a shop on level 7 of the Dungeon)

   It affects your intelligence (+2).
   It affects your accuracy and damage with ranged weapons and melee attacks
   (+2).
   It greatly protects you from cold.
   It causes magical contamination when unequipped.
 T - a +2 cloak (worn)
Jewellery
 j - the ring of the Gloaming (left hand) {rF+ Dex+2}
   (You found it on level 15 of the Dungeon)

   [ring of protection from fire]

   It affects your dexterity (+2).
   It protects you from fire.
 q - the ring "Isti" (right hand) {rElec rN+ MR+ AC-2}
   (You took it off a skeletal warrior on level 15 of the Dungeon)

   [ring of protection]

   It affects your AC (-2).
   It insulates you from electricity.
   It protects you from negative energy.
   It affects your resistance to hostile enchantments.
 s - a +4 ring of protection
 C - the brooch of Shielding (around neck) {Ward rN+ AC+4 EV+4}
   (You found it on level 3 of the Swamp)

   [amulet of warding]

   It may prevent the melee attacks of summoned creatures.
   It affects your AC (+4).
   It affects your evasion (+4).
   It protects you from negative energy.
 J - an uncursed amulet of the gourmand
 M - the amulet of the Gastropod {Ward rF+ rN+ MP+9 Str+5}
   (You took it off a wight on level 10 of the Dungeon)

   [amulet of warding]

   It may prevent the melee attacks of summoned creatures.
   It affects your strength (+5).
   It protects you from fire.
   It protects you from negative energy.
   It affects your magic capacity (+9).
 R - an uncursed amulet of resist mutation
Wands
 x - a wand of digging (2)
 A - a wand of disintegration (4)
 B - a wand of teleportation (5)
 H - a wand of invisibility (6)
 S - a wand of hasting (4)
 X - a wand of hasting (0)
Scrolls
 f - 2 scrolls of identify
 i - 4 scrolls of teleportation
 l - 24 scrolls of remove curse
 t - a scroll of blinking
 v - 2 scrolls of silence
 y - 4 scrolls of magic mapping
 z - 3 scrolls of fog
 F - 4 scrolls of immolation
 Q - 2 scrolls of vulnerability
 U - a scroll of holy word
Potions
 h - 2 potions of agility
 m - 9 potions of curing
 r - 2 potions of flight
 Z - 6 potions of cancellation
Miscellaneous
 k - a phial of floods
 u - a stone of tremors
 K - a sack of spiders {used: 1}
 N - a disc of storms
Comestibles
 c - 23 bread rations


   Skills:
 O Level 27 Fighting
 - Level 22.1 Polearms
 + Level 18.4 Armour
 O Level 27 Dodging
 - Level 16.0 Shields


You had 26 spell levels left.
You didn't know any spells.

Dungeon Overview and Level Annotations

Branches:
Dungeon (15/15)            Temple (1/1) D:5            Lair (8/8) D:9
  Swamp (4/4) Lair:3        Snake (4/4) Lair:5        Slime (0/6) Lair:7
    Orc (4/4) D:9             Elf (0/3) Orc:4        Vaults (5/5) D:13
  Crypt (0/3) Vaults:2     Depths (5/5) D:15            Zot (5/5) Depths:5

Altars:
Ashenzari
Dithmenos
Fedhas
Gozag
Kikubaaqudgha
Makhleb
Nemelex Xobeh
Qazlal
Ru
Sif Muna
Trog
Vehumet
Xom
Yredelemnul
Zin
The Shining One
Beogh

Shops:
D:4 =   D:7 [   D:9 (   D:13 :   Orc:4 [((*%   Depths:3 (

Portals:
Hell: Depths:1 Depths:2 Depths:3 Depths:4 Depths:5
Abyss: Depths:2 Depths:4
Pandemonium: Depths:1 Depths:3 Depths:4
Ziggurat: Depths:4

Annotations:
Lair:3 exclusion: 3 oklob plants
Vaults:5 Mennas
Depths:4 exclusion: daeva


Innate Abilities, Weirdness & Mutations

You revert to your normal form in water.
You are very nimble and swift while swimming.
You have an uncontrollable temper.
Scrolls take you much longer to read.
You are dopey. (Int -2)
You are very frail (-20% HP).
You are weak. (Str -2)


Message History

[Y]es or [N]o only, please.
Keep reading the scroll? [Y]es or [N]o only, please.
Keep reading the scroll?
You begin reading the scroll.
You continue reading the scroll.
You continue reading the scroll.
As you read the scroll of teleportation, it crumbles to dust.
You feel strangely unstable.
You feel the Orb delaying your translocation!
Your surroundings suddenly seem different.
Evoke which item? (* to show all) (? for menu, Esc to quit)
Zapping:
S - a wand of hasting (5)
Press: ? - help, Shift-Dir - straight line, f - you You feel yourself speed up.
This wand has 4 charges left.
You see here a ring mail.
Your extra speed is starting to run out.
You feel yourself slow down.
There is an open door here.
There is a staircase leading out of the dungeon here.
You have escaped!

#.# #.#.#
#.#
#####....
#.#
#........
#.#
#.####...
######'###.#
##.#
#≈♣♣≈P.≈♣#.#
#.#
#P≈P.....'.#
#..
#.....P≈♣###
###
#@.PP≈P♣P#
##########


There were no monsters in sight!

Vanquished Creatures
  2 orbs of fire
  6 ancient liches
  A juggernaut (Depths:5)
  Saint Roka (Depths:1)
  2 Killer Klowns (Zot:5)
  5 golden dragons
  Nikola (Vaults:1)
  Xtahua (Vaults:4)
  2 electric golems (Zot:5)
  Jorgrun (Depths:4)
  25 tentacled monstrosities
  Asterion (Depths:2)
  4 titans
  24 Orb Guardians
  10 death cobs
  2 octopode crushers
  Gastronok (D:9)
  8 liches
  3 thorn hunters
  Agnes (Snake:2)
  2 sphinxes
  12 tengu reavers
  8 shadow dragons
  Kirke (D:13)
  2 draconian monks
  9 greater nagas
  6 storm dragons
  A ghost moth (Zot:1)
  Wiglaf (Vaults:4)
  12 frost giants
  6 fire giants
  An orc warlord (Orc:4)
  3 deep elf sorcerers
  Maud (Lair:5)
  15 vault wardens
  2 iron dragons
  5 draconian knights
  A draconian scorcher (Zot:1)
  2 draconian shifters (Zot:1)
  2 draconian zealots
  16 ironheart preservers
  6 draconian annihilators
  4 war gargoyles (Vaults:5)
  19 very ugly things
  2 deep elf demonologists
  A stone giant (shapeshifter) (Depths:3)
  A draconian caller (Zot:3)
  4 vampire knights
  Nessos (Lair:8)
  21 stone giants
  6 purple draconians
  8 white draconians
  6 green draconians
  4 black draconians
  3 red draconians
  7 mottled draconians
  5 yellow draconians
  Snorg (D:11)
  16 ettins
  A quicksilver dragon zombie (Depths:2)
  A merfolk impaler (Depths:1)
  The ghost of Kidiri the Covert, a journeyman SpEn of Dithmenos (Lair:8)
  17 yaktaur captains
  3 crystal guardians
  A minotaur (shapeshifter) (Depths:2)
  A blizzard demon (Depths:3)
  33 vault guards
  18 fire dragons
  6 entropy weavers
  4 deep elf high priests
  12 great orbs of eyes
  22 ice dragons
  7 rakshasas
  15 hydras
  33 ogre magi
  8 naga warriors
  A spriggan air mage (Depths:5)
  The ghost of brucemayne the Severer, a journeyman DsBe of Trog (Orc:4)
  Erica (D:8)
  2 catoblepae
  4 ghost crabs
  A ghost crab (shapeshifter) (Vaults:5)
  15 centaur warriors
  8 anacondas
  8 deep troll shamans
  4 vampire magi
  12 death yaks
  12 naga sharpshooters
  5 deep troll earth magi
  4 alligators
  10 shock serpents
  6 tengu warriors
  5 hell knights (Depths:3)
  A spriggan berserker (Depths:2)
  A soul eater (Depths:3)
  3 fire crabs
  9 skeletal warriors
  7 deep elf knights
  4 unseen horrors
  2 ice devils
  A spriggan druid (Swamp:4)
  38 deep trolls
  A sea snake (Snake:4)
  3 iron trolls
  2 salamander mystics
  5 shadow wraiths
  7 swamp dragons
  4 lindwurms (Depths:3)
  5 hill giants
  3 giant orange brains
  A gelid demonspawn (Depths:3)
  A death drake (Depths:3)
  7 wizards
  2 ice statues (IceCv)
  A flayed ghost (Depths:2)
  2 shambling mangroves
  A deep elf summoner (Vaults:4)
  9 orc knights
  3 deep elf conjurers
  7 necromancers
  A wolf spider zombie (D:15)
  8 naga ritualists
  An orc sorcerer (Orc:4)
  21 ironbrand convokers
  7 phantasmal warriors
  13 harpies
  A harpy (shapeshifter) (Vaults:1)
  8 wolf spiders
  4 hornets
  A sixfirhy (Zot:2)
  9 cyclopes
  12 mana vipers
  An oklob plant (Depths:3)
  A frost giant zombie (Depths:2)
  47 ugly things
  2 moths of wrath (shapeshifter) (Vaults:5)
  A hornet (shapeshifter) (Depths:1)
  7 salamanders
  17 vault sentinels
  6 griffons
  9 elephants (Lair:8)
  A manticore (D:14)
  An orange demon (Depths:3)
  19 moths of wrath
  36 black mambas
  A fire giant skeleton (Depths:2)
  2 human skeletons (Vaults:3)
  29 naga magi
  2 gargoyles (D:11)
  2 spiny frogs (shapeshifter)
  14 komodo dragons
  40 yaktaurs
  4 kobold demonologists
  7 centaur skeletons
  4 fire drakes
  20 spiny frogs
  3 giant leeches
  A jumping spider (Depths:2)
  A red devil (Depths:3)
  An efreet (D:15)
  3 deep elf priests
  2 trolls (shapeshifter)
  5 tengu conjurers
  34 two-headed ogres
  A queen bee (shapeshifter) (Vaults:4)
  5 polar bears
  A sphinx simulacrum (Vaults:2)
  9 blue devils (IceCv)
  9 trolls
  The ghost of Eleusis the Slasher, an amateur FoAK of Lugonu (D:4)
  A jumping spider (shapeshifter) (D:13)
  13 freezing wraiths
  61 slime creatures
  2 boulder beetles
  A centaur simulacrum (D:15)
  2 vampires
  9 blink frogs
  6 bog bodies
  A raiju (shapeshifter) (Depths:2)
  13 redbacks
  A hog (D:13)
  Sigmund (D:4)
  3 human simulacra (Vaults:2)
  18 water elementals
  2 redbacks (shapeshifter)
  A tarantella (Depths:4)
  A wyvern (shapeshifter) (Depths:3)
  9 humans
  4 deep elf magi
  7 shadows
  3 air elementals (Depths:5)
  A yak (shapeshifter) (Vaults:5)
  8 spriggans
  10 deep elf fighters
  41 yaks
  11 hippogriffs
  11 wraiths
  A basilisk (D:15)
  2 hungry ghosts
  20 wolves
  12 hydra simulacra (Swamp:4)
  24 vampire mosquitoes
  A basilisk (shapeshifter) (Vaults:5)
  3 mottled dragons
  A neqoxec (Zot:4)
  A steam dragon (Lair:7)
  2 wyverns
  10 wargs
  A golden eye (shapeshifter) (D:15)
  14 water moccasins
  18 insubstantial wisps
  22 swamp worms
  A soldier ant (D:15)
  A deep troll zombie (Vaults:3)
  The ghost of Eleusis the Digger, an amateur OpEE (D:7)
  3 swamp worm simulacra (Swamp:4)
  44 nagas
  7 wasps
  7 ice beasts
  A soldier ant (shapeshifter) (Vaults:2)
  A black bear (shapeshifter) (Vaults:4)
  40 orc warriors
  2 necrophages
  7 swamp drakes
  6 porcupines
  2 eyes of draining (D:13)
  2 eyes of draining (shapeshifter)
  3 phantoms
  4 black bears
  70 ogres
  3 sky beasts
  2 boggarts
  34 centaurs
  22 giant frogs
  A gnoll sergeant (D:9)
  5 big kobolds
  A brain worm (D:15)
  2 human zombies (Vaults:3)
  9 crocodiles
  10 jellies
  4 scorpions
  33 killer bees
  4 electric eels
  A giant frog zombie (D:11)
  13 wights
  10 crimson imps
  2 quasits (D:11)
  37 orc priests
  12 hounds
  2 giant frog skeletons (D:5)
  42 orc wizards
  10 worker ants
  10 iguanas
  27 sheep
  A hound skeleton (D:7)
  A worker ant zombie (D:6)
  Robin (D:3)
  11 adders
  9 gnolls
  2 shadow imps
  8 white imps
  70 river rats
  5 swamp drake simulacra (Swamp:4)
  8 ufetubi
  2 giant eyeballs (D:15)
  3 oozes (Lair:7)
  3 adder skeletons
  2 worms
  9 giant geckos
  222 orcs
  2 ball pythons
  10 giant cockroaches
  19 goblins
  8 hobgoblins
  20 jackals
  8 bats
  5 giant newts (D:1)
  32 kobolds
  4 quokkas
  5 rats
  2 briar patches (Swamp:3)
  A bush (Lair:8)
  A fungus (Lair:8)
  A plant (Lair:8)
2517 creatures vanquished.

Vanquished Creatures (collateral kills)
  A tentacled monstrosity (Zot:4)
  A storm dragon (Zot:2)
  A frost giant (D:15)
  A fire giant (Depths:2)
  A draconian zealot (Zot:4)
  A draconian annihilator (Zot:4)
  2 white draconians
  A fire dragon (Zot:5)
  A yaktaur captain (Vaults:2)
  An ice dragon (Depths:2)
  2 entropy weavers (Depths:2)
  4 hydras
  2 centaur warriors (D:13)
  An ogre mage (Vaults:3)
  2 hell hogs (Zot:4)
  5 skeletal warriors (Vaults:2)
  A fire crab (Vaults:2)
  A flayed ghost (Vaults:4)
  An ironbrand convoker (Vaults:2)
  A hill giant (D:12)
  A naga ritualist (Snake:4)
  2 moths of wrath (Zot:4)
  A naga mage (Snake:4)
  A vault sentinel (Vaults:2)
  A spiny frog (shapeshifter) (Depths:2)
  A troll (Depths:2)
  13 slime creatures
  A boulder beetle (Vaults:2)
  2 bog bodies
  2 two-headed ogres (Vaults:3)
  A blink frog (Swamp:1)
  A water elemental (Depths:2)
  A redback (Depths:2)
  2 spriggans
  A deep elf mage (D:15)
  6 vampire mosquitoes
  A hungry ghost (D:12)
  A warg (Vaults:3)
  A naga (D:15)
  2 hydra simulacra (Swamp:4)
  A wasp (D:15)
  4 orc warriors
  8 ice beasts (D:13)
  A black bear (Lair:2)
  2 ogres
  A giant frog (D:13)
  2 killer bees (D:12)
  A crimson imp (D:12)
  A worker ant (D:13)
  4 river rats (Lair:5)
  5 orcs
103 creatures vanquished.

Vanquished Creatures (others)
  2 eldritch tentacles
  An azure jelly (Swamp:4)
  A spriggan (Swamp:3)
  A shambling mangrove (Swamp:3)
  2 naga magi (Snake:4)
  A komodo dragon (Swamp:2)
  4 humans (D:13)
  2 insubstantial wisps (Swamp:3)
  An orc warrior (Vaults:4)
  A wasp (Swamp:3)
  A centaur (D:13)
  A wyvern skeleton (D:11)
  A killer bee (D:13)
  An orc wizard (Vaults:1)
  4 white imps
  2 ufetubi (IceCv)
  2 orcs
  2 briar patches (Swamp:3)
  196 eldritch tentacle segments
  16 fungi
  13 plants
  5 toadstools (Swamp:3)
260 creatures vanquished.

Grand Total: 2880 creatures vanquished

Notes
Turn   | Place    | Note
--------------------------------------------------------------
     0 | D:1      | nicanaca0 the Merfolk Berserker began the quest for the Orb.
     0 | D:1      | Reached XP level 1. HP: 18/18 MP: 1/1
   330 | D:1      | Reached skill level 5 in Polearms
   346 | D:1      | Reached XP level 2. HP: 24/24 MP: 2/2
   842 | D:1      | Reached XP level 3. HP: 29/29 MP: 3/3
   892 | D:1      | Reached ** piety under Trog
   892 | D:1      | Reached skill level 6 in Polearms
  1705 | D:2      | Found an opulent altar of Gozag.
  2017 | D:2      | Found a shadowy altar of Dithmenos.
  2115 | D:3      | Noticed Robin
  2125 | D:3      | Killed Robin
  2141 | D:3      | Reached XP level 4. HP: 35/35 MP: 4/4
  2143 | D:3      | Reached skill level 7 in Polearms
  2298 | D:3      | Reached *** piety under Trog
  2368 | D:3      | Found a sparkling altar of Nemelex Xobeh.
  3078 | D:4      | Noticed Sigmund
  3102 | D:4      | Killed Sigmund
  3102 | D:4      | Reached skill level 9 in Polearms
  3102 | D:4      | Reached XP level 5. HP: 28/41 MP: 5/5
  3102 | D:4      | Reached XP level 6. HP: 32/47 MP: 6/6
  3255 | D:4      | Noticed a phantom
  3294 | D:4      | Killed a phantom
  3294 | D:4      | Reached skill level 10 in Polearms
  3622 | D:4      | Reached XP level 7. HP: 52/52 MP: 7/7
  3628 | D:4      | Noticed Eleusis's ghost (amateur FoAK)
  3631 | D:4      | Reached skill level 11 in Polearms
  3654 | D:4      | Killed Eleusis's ghost
  3654 | D:4      | Reached skill level 12 in Polearms
  3695 | D:4      | Found Haf Giots's Jewellery Emporium.
  3908 | D:5      | Entered Level 5 of the Dungeon
  4174 | D:5      | Reached **** piety under Trog
  4462 | D:5      | Reached XP level 8. HP: 52/58 MP: 8/8
  4696 | D:5      | Found a staircase to the Ecumenical Temple.
  4701 | Temple   | Entered the Ecumenical Temple
  4952 | D:5      | Reached skill level 5 in Fighting
  4952 | D:5      | Reached skill level 5 in Dodging
  5235 | D:5      | Found a sparkling altar of Nemelex Xobeh.
  5267 | D:5      | Found a deep blue altar of Sif Muna.
  5283 | D:5      | Found an ancient bone altar of Kikubaaqudgha.
  5299 | D:5      | Found a radiant altar of Vehumet.
  5763 | D:6      | Found a shimmering altar of Xom.
  5811 | D:6      | Reached XP level 9. HP: 69/69 MP: 9/9
  5949 | D:6      | Found a bloodstained altar of Trog.
  6588 | D:7      | Noticed Eleusis's ghost (amateur OpEE)
  6602 | D:7      | Reached skill level 13 in Polearms
  6610 | D:7      | Killed Eleusis's ghost
  6770 | D:7      | Found a glowing golden altar of the Shining One.
  7130 | D:7      | Found Efygham's Antique Armour Boutique.
  7137 | D:7      | Bought a distressingly furry chain mail for 190 gold pieces
  7137 | D:7      | Bought a glowing helmet for 90 gold pieces
  7147 | D:7      | Identified the cursed +1 chain mail of the Spheres {*Contam rC++ Int+2 Slay+2} (You bought it in a shop on level 7 of the Dungeon)
  7945 | D:8      | Reached XP level 10. HP: 79/79 MP: 10/10
  8038 | D:8      | Got an ichor-stained dagger
  8125 | D:8      | Reached ***** piety under Trog
  8183 | D:8      | Reached skill level 14 in Polearms
  8321 | D:8      | Found a sacrificial altar of Ru.
  8539 | D:8      | Noticed Erica
  8554 | D:8      | Killed Erica
  8871 | D:8      | Reached skill level 15 in Polearms
  9223 | D:9      | Received a gift from Trog
  9279 | D:9      | Found a staircase to the Orcish Mines.
  9448 | D:9      | Noticed a cyclops
  9472 | D:9      | Killed a cyclops
  9472 | D:9      | Reached skill level 10 in Dodging
  9604 | D:9      | Reached skill level 5 in Armour
  9604 | D:9      | Reached XP level 11. HP: 77/87 MP: 11/11
  9653 | D:9      | Received a gift from Trog
  9930 | D:9      | Found a burning altar of Makhleb.
  9935 | D:9      | Noticed a cacodemon
  9936 | D:9      | Found a glowing silver altar of Zin.
  9937 | D:9      | Noticed an angel
  9963 | D:9      | Found a shattered altar of Ashenzari.
 10040 | D:9      | Found a staircase to the Lair.
 10254 | D:9      | Gained mutation: You have an increased reservoir of magic (+10% MP). [potion of beneficial mutation]
 10270 | D:9      | Found Dolum's Antique Weapon Emporium.
 10305 | D:9      | Noticed Gastronok
 10330 | D:9      | Killed Gastronok
 10364 | D:10     | Entered Level 10 of the Dungeon
 10692 | D:10     | Noticed a hill giant
 10703 | D:10     | Killed a hill giant
 10705 | D:10     | Reached skill level 16 in Polearms
 10744 | D:10     | Got a twitching ruby amulet
 11091 | D:10     | Identified the amulet of the Gastropod {Ward rF+ rN+ MP+9 Str+5} (You took it off a wight on level 10 of the Dungeon)
 11169 | D:10     | Noticed a hill giant
 11176 | D:10     | Killed a hill giant
 11545 | D:11     | Reached skill level 10 in Fighting
 11742 | D:11     | Noticed Snorg
 11759 | D:11     | Killed Snorg
 11759 | D:11     | Reached skill level 17 in Polearms
 11759 | D:11     | Reached XP level 12. HP: 69/97 MP: 7/13
 12385 | D:11     | Reached ****** piety under Trog
 12413 | D:11     | Noticed a centaur warrior
 12463 | D:11     | Killed a centaur warrior
 12868 | D:11     | Reached skill level 18 in Polearms
 13031 | D:11     | Received a gift from Trog
 13501 | D:12     | Found a blossoming altar of Fedhas.
 13855 | D:13     | Reached skill level 19 in Polearms
 13878 | D:13     | Reached XP level 13. HP: 103/106 MP: 14/14
 13913 | D:13     | Noticed a centaur warrior
 13923 | D:13     | Killed a centaur warrior
 13935 | D:13     | Found a frozen archway.
 13936 | D:13     | Noticed a four-headed hydra
 13939 | D:13     | Killed a five-headed hydra
 13941 | D:13     | Noticed a centaur warrior
 13944 | D:13     | Killed a centaur warrior
 14066 | IceCv    | Entered an ice cave
 14216 | IceCv    | Received a gift from Trog
 14528 | D:13     | Noticed Kirke
 14545 | D:13     | Reached skill level 20 in Polearms
 14570 | D:13     | Killed Kirke
 14625 | D:13     | Noticed a centaur warrior
 14647 | D:13     | Killed a centaur warrior
 14888 | D:13     | Noticed an ogre mage
 14896 | D:13     | Killed an ogre mage
 14909 | D:13     | Found a gate to the Vaults.
 15272 | D:13     | Found Xuorph's Book Emporium.
 15524 | D:13     | Received a gift from Trog
 15847 | Lair:1   | Entered Level 1 of the Lair of Beasts
 16591 | Lair:1   | Reached skill level 21 in Polearms
 16591 | Lair:1   | Reached XP level 14. HP: 116/116 MP: 8/15
 17498 | Lair:2   | Received a gift from Trog
 18000 | Lair:3   | Found an opulent altar of Gozag.
 18483 | Lair:3   | Reached skill level 15 in Dodging
 18496 | Lair:3   | Found a staircase to the Swamp.
 18782 | Lair:4   | Received a gift from Trog
 19783 | Lair:4   | Received a gift from Trog
 19980 | Lair:4   | Lost mutation: You have an increased reservoir of magic (+10% MP). [potion of cure mutation]
 19981 | Lair:4   | Gained mutation: Your spells are a little harder to cast, but a little more powerful. [potion of beneficial mutation]
 20414 | Lair:5   | Found a staircase to the Snake Pit.
 20530 | Lair:5   | Reached skill level 22 in Polearms
 20812 | Lair:5   | Noticed Maud
 20881 | Lair:5   | Killed Maud
 21684 | Orc:1    | Entered Level 1 of the Orcish Mines
 22143 | Orc:1    | Received a gift from Trog
 22202 | Orc:1    | Found a bloodstained altar of Trog.
 22701 | Orc:2    | Found a radiant altar of Vehumet.
 23694 | Orc:4    | Entered Level 4 of the Orcish Mines
 23694 | Orc:4    | Found a staircase to the Elven Halls.
 23817 | Orc:4    | Found a roughly hewn altar of Beogh.
 23819 | Orc:4    | Received a gift from Trog
 23830 | Orc:4    | Got an encrusted executioner's axe {god gift}
 23836 | Orc:4    | Identified the +10 executioner's axe of Trog's Brutal Revenge {flame, -Tele +Rage Str+4 Stlth+} (Trog gifted it to you on level 4 of the Orcish Mines)
 23932 | Orc:4    | Found a roughly hewn altar of Beogh.
 24021 | Orc:4    | Noticed an orc warlord
 24028 | Orc:4    | Reached XP level 15. HP: 109/125 MP: 8/15
 24049 | Orc:4    | Killed an orc warlord
 24084 | Orc:4    | Found Honk's Antique Armour Boutique.
 24085 | Orc:4    | Found a roughly hewn altar of Beogh.
 24088 | Orc:4    | Found Figeb's Antique Weapon Shop.
 24110 | Orc:4    | Bought a pitted chain mail for 256 gold pieces
 24120 | Orc:4    | Identified the cursed +0 chain mail of Yffalocu {+Fly rN+} (You bought it in a shop on level 4 of the Orcish Mines)
 24251 | Orc:4    | Noticed brucemayne's ghost (journeyman DsBe)
 24272 | Orc:4    | Killed brucemayne's ghost
 24437 | Orc:4    | Found Lylo's Food Boutique.
 24491 | Orc:4    | Found a roughly hewn altar of Beogh.
 24501 | Orc:4    | Found Gepad's Assorted Antiques.
 24664 | Orc:4    | Found a roughly hewn altar of Beogh.
 24665 | Orc:4    | Found Jofaunu's Antique Weapon Boutique.
 24769 | Orc:4    | Found a roughly hewn altar of Beogh.
 24862 | Orc:4    | Received a gift from Trog
 25135 | D:4      | Bought the ring of Teurhuosh {+Fly rPois} for 315 gold pieces
 26785 | Lair:7   | Found a staircase to the Slime Pits.
 27026 | Lair:7   | Received a gift from Trog
 27537 | Lair:8   | Entered Level 8 of the Lair of Beasts
 27651 | Lair:8   | Noticed Kidiri's ghost (journeyman SpEn)
 27680 | Lair:8   | Killed Kidiri's ghost
 28043 | Lair:8   | Upgraded the game from 0.17-a0-2127-g1cb09f6 to 0.17-a0-2147-gfb20a63
 28176 | Lair:8   | Received a gift from Trog
 28278 | Lair:8   | Noticed Nessos
 28295 | Lair:8   | Killed Nessos
 28390 | Lair:8   | Reached skill level 15 in Fighting
 29822 | D:15     | Entered Level 15 of the Dungeon
 29847 | D:15     | Paralysed by a giant eyeball for 4 turns
 29857 | D:15     | Paralysed by a giant eyeball for 2 turns
 29862 | D:15     | Found a staircase to the Depths.
 29862 | D:15     | Noticed a frost giant
 29868 | D:15     | Killed a frost giant
 29868 | D:15     | Reached XP level 16. HP: 127/136 MP: 8/16
 30006 | D:15     | Found a shimmering altar of Xom.
 30379 | D:15     | Found a basalt altar of Yredelemnul.
 30421 | D:15     | Received a gift from Trog
 30485 | D:15     | Got a glittering granite ring
 30696 | D:15     | Identified the cursed ring "Isti" {rElec rN+ MR+ AC-2} (You took it off a skeletal warrior on level 15 of the Dungeon)
 30731 | D:15     | Got a pitted plate armour
 30745 | D:15     | Identified the cursed +0 plate armour of the Last Curses {rPois rF+ rN+} (You found it on level 15 of the Dungeon)
 30773 | D:15     | Noticed a frost giant
 30784 | D:15     | Killed a frost giant
 30800 | D:15     | Gained mutation: You occasionally shout uncontrollably at your foes. [mutagenic glow]
 30802 | D:15     | Got a glittering tin ring
 30804 | D:15     | Identified the ring of the Gloaming {rF+ Dex+2} (You found it on level 15 of the Dungeon)
 30846 | D:15     | Lost mutation: Your spells are a little harder to cast, but a little more powerful. [mutagenic glow]
 31463 | D:15     | Got a warped lapis lazuli ring
 31468 | D:15     | Identified the ring of Maplasuu {Dex+4 Stlth-} (You found it on level 15 of the Dungeon)
 31498 | D:15     | Found a shadowy altar of Dithmenos.
 31594 | D:15     | Noticed a shadow dragon
 31603 | D:15     | Killed a shadow dragon
 32296 | Swamp:1  | Entered Level 1 of the Swamp
 32651 | Swamp:1  | Identified a scroll of acquirement
 32653 | Swamp:1  | Got a transparent hat
 32664 | Swamp:1  | Identified the +2 hat of Detzexzi {rPois} (You acquired it on level 1 of the Swamp)
 33005 | Swamp:1  | Received a gift from Trog
 33543 | Swamp:2  | Reached XP level 17. HP: 141/148 MP: 8/17
 35761 | Swamp:3  | HP: 7/149 [spectral golden dragon[a ghost crab] (20)]
 36930 | Swamp:4  | Entered Level 4 of the Swamp
 36948 | Swamp:4  | Received a gift from Trog
 37406 | Swamp:4  | Reached skill level 10 in Armour
 38112 | Swamp:4  | Got a decaying rune of Zot
 38369 | Snake:1  | Entered Level 1 of the Snake Pit
 39169 | Snake:1  | Reached XP level 18. HP: 118/160 MP: 0/18
 39766 | Snake:2  | Found a shadowy altar of Dithmenos.
 40140 | Snake:2  | Received a gift from Trog
 40514 | Snake:2  | Noticed Agnes
 40526 | Snake:2  | Killed Agnes
 42046 | Snake:3  | Received a gift from Trog
 42690 | Snake:4  | Entered Level 4 of the Snake Pit
 43568 | Snake:4  | Received a gift from Trog
 44222 | Snake:4  | Got a heavily jewelled robe
 44223 | Snake:4  | Identified the +1 robe of Marbles {-Cast rPois MR+} (You found it on level 4 of the Snake Pit)
 44916 | Snake:4  | Received a gift from Trog
 45155 | Snake:4  | Reached XP level 19. HP: 170/170 MP: 19/19
 45382 | Snake:4  | Got a serpentine rune of Zot
 46165 | Vaults:1 | Entered Level 1 of the Vaults
 46464 | Vaults:1 | Received a gift from Trog
 46488 | Vaults:1 | Found a radiant altar of Vehumet.
 46488 | Vaults:1 | Noticed a lich
 46500 | Vaults:1 | Killed a lich
 46500 | Vaults:1 | Reached skill level 1 in Shields
 47238 | Vaults:1 | Received a gift from Trog
 47747 | Vaults:1 | Reached skill level 5 in Shields
 47989 | Vaults:1 | Noticed Nikola
 48007 | Vaults:1 | Killed Nikola
 48052 | Vaults:1 | Received a gift from Trog
 48517 | Vaults:2 | Reached XP level 20. HP: 180/180 MP: 6/20
 49695 | Vaults:2 | Received a gift from Trog
 50346 | Vaults:2 | Found a staircase to the Crypt.
 50451 | Vaults:2 | Reached skill level 10 in Shields
 52009 | Vaults:3 | Received a gift from Trog
 52543 | Vaults:3 | Reached XP level 21. HP: 171/188 MP: 7/21
 53482 | Vaults:4 | Received a gift from Trog
 54494 | Vaults:4 | Received a gift from Trog
 54744 | Vaults:4 | Noticed Wiglaf
 54758 | Vaults:4 | Killed Wiglaf
 54782 | Vaults:4 | Noticed Xtahua
 54793 | Vaults:4 | Killed Xtahua
 55086 | Vaults:4 | Got a pair of ichor-stained boots
 55097 | Vaults:4 | Identified the +1 pair of boots "Kierph" {Str-3 Int+6} (You found it on level 4 of the Vaults)
 55523 | Depths:1 | Entered Level 1 of the Depths
 55629 | Depths:1 | Got an iridescent spear
 55952 | Depths:1 | Found a one-way gate leading to the halls of Pandemonium.
 56040 | Depths:1 | Found a gateway to Hell.
 56076 | Depths:1 | Received a gift from Trog
 57048 | Depths:2 | Noticed Saint Roka
 57089 | Depths:2 | Reached XP level 22. HP: 85/198 MP: 7/22
 57111 | Depths:1 | Killed Saint Roka
 57126 | Depths:1 | Upgraded the game from 0.17-a0-2147-gfb20a63 to 0.17-a0-2171-ga91b4ec
 57809 | Depths:2 | Noticed Asterion
 57823 | Depths:2 | Killed Asterion
 57823 | Depths:2 | Reached skill level 23 in Fighting
 58238 | Depths:2 | Found a one-way gate to the infinite horrors of the Abyss.
 59370 | Depths:2 | Received a gift from Trog
 60993 | Depths:2 | Got a scorched ring mail
 60994 | Depths:2 | Identified the +3 ring mail of Buokkaqonwust {rN+ Regen+} (You found it on level 2 of the Depths)
 61071 | Depths:2 | Noticed a golden dragon
 61111 | Depths:2 | Killed a golden dragon
 62443 | Depths:3 | Found Ufoofamp's Weapon Shop.
 62958 | Depths:3 | Reached XP level 23. HP: 123/207 MP: 7/23
 65700 | Depths:3 | Got a pair of translucent gloves
 65725 | Depths:3 | Got a scorched trident
 65729 | Depths:3 | Identified the cursed +2 trident of Udelischore {vamp, *Rage rN+++ Str+3} (You found it on level 3 of the Depths)
 66105 | Depths:4 | Received a gift from Trog
 66563 | Depths:1 | Lost mutation: You occasionally shout uncontrollably at your foes. [potion of cure mutation]
 66579 | Depths:2 | Identified the +0 pair of gloves "Adeoptae" {*Confuse +Fly Slay+3} (You found it on level 3 of the Depths)
 66658 | Depths:4 | Noticed Jorgrun
 66670 | Depths:4 | Killed Jorgrun
 66678 | Depths:4 | Found a gateway to a ziggurat.
 66685 | Depths:4 | Reached skill level 24 in Fighting
 67898 | Depths:4 | Found a deep blue altar of Sif Muna.
 68029 | Depths:4 | Noticed an ancient lich
 68032 | Depths:4 | Noticed an ancient lich
 68066 | Depths:4 | Killed an ancient lich
 68095 | Depths:4 | Killed an ancient lich
 68349 | Depths:4 | Identified a +0 rod of shadows (10/10) (You found it on level 4 of the Depths)
 68520 | Depths:4 | Identified the Compendium of Enchantment
 68544 | Depths:4 | Identified the Papyrus of Virous Transmigration
 68617 | Depths:4 | Reached XP level 24. HP: 210/218 MP: 7/23
 69102 | Vaults:5 | Entered Level 5 of the Vaults
 69172 | Vaults:5 | Noticed Mennas
 69271 | Vaults:5 | Received a gift from Trog
 69526 | Vaults:5 | Noticed an ancient lich
 69538 | Vaults:5 | Killed an ancient lich
 69549 | Vaults:5 | Reached skill level 25 in Fighting
 70402 | Vaults:5 | Reached skill level 15 in Armour
 70471 | Vaults:5 | Got a distressingly furry ring mail
 70482 | Vaults:5 | Identified the cursed +0 ring mail "Vouv" {Str+4 SInv} (You found it on level 5 of the Vaults)
 72186 | Vaults:4 | Reached XP level 25. HP: 228/228 MP: 7/23
 72428 | Vaults:5 | Received a gift from Trog
 72691 | Vaults:5 | Got a silver rune of Zot
 72950 | Vaults:4 | Received a gift from Trog
 73832 | Depths:5 | Entered Level 5 of the Depths
 74286 | Depths:5 | Reached skill level 26 in Fighting
 74297 | Depths:5 | Reached skill level 15 in Shields
 74447 | Depths:5 | Noticed a juggernaut
 74475 | Depths:5 | Killed a juggernaut
 74475 | Depths:5 | Received a gift from Trog
 75075 | Depths:5 | Got a crude hat
 75086 | Depths:5 | Identified the +2 hat "Arghetilo" {rElec rPois rC- MP+9} (You found it on level 5 of the Depths)
 75118 | Depths:5 | Found a gate to the Realm of Zot.
 75629 | Zot:1    | Entered Level 1 of the Realm of Zot
 77191 | Zot:2    | Reached XP level 26. HP: 229/240 MP: 7/23
 77207 | Zot:2    | Received a gift from Trog
 78437 | Zot:2    | Noticed an orb of fire
 78452 | Zot:2    | Gained mutation: Scrolls take you a little longer to read. [an orb of fire]
 78456 | Zot:2    | Gained mutation: You tend to lose your temper in combat. [an orb of fire]
 78461 | Zot:2    | Gained mutation: You often lose your temper in combat. [an orb of fire]
 78486 | Zot:2    | Killed an orb of fire
 79251 | Zot:3    | Reached skill level 27 in Fighting
 81171 | Zot:4    | Gained mutation: Scrolls take you longer to read. [a Zot trap]
 81511 | Zot:5    | Entered Level 5 of the Realm of Zot
 81676 | Zot:5    | Received a gift from Trog
 81891 | Zot:5    | Reached XP level 27. HP: 187/249 MP: 7/23
 82435 | Zot:5    | Noticed an orb of fire
 82436 | Zot:5    | Noticed an ancient lich
 82441 | Zot:5    | Gained mutation: Scrolls take you much longer to read. [an orb of fire]
 82453 | Zot:5    | Gained mutation: You have an uncontrollable temper. [an orb of fire]
 82464 | Zot:5    | Killed an orb of fire
 82486 | Zot:5    | Killed an ancient lich
 82506 | Zot:5    | Reached skill level 27 in Dodging
 82544 | Zot:5    | Noticed an ancient lich
 82557 | Zot:5    | Killed an ancient lich
 83440 | Zot:5    | Got the Orb of Zot
 83486 | Zot:5    | Noticed an ancient lich
 83487 | Zot:5    | Noticed an ancient lich
 83499 | Zot:5    | Killed an ancient lich
 83506 | Zot:5    | Noticed an ancient lich
 83534 | Zot:5    | Noticed an ancient lich
 83540 | Zot:5    | Gained mutation: You are weak. (Str -2) [a neqoxec]
 84010 | D:12     | Gained mutation: You are frail (-10% HP). [mutagenic glow]
 84019 | D:12     | Noticed Puplusou the pandemonium lord
 84167 | D:5      | Gained mutation: You are dopey. (Int -2) [mutagenic glow]
 84221 | D:2      | Gained mutation: You are very frail (-20% HP). [mutagenic glow]
 84321 | D:$      | Escaped with the Orb!

Vault maps used:
D:1:      tarquinn_simple_flora_water_f
D:2:      lemuel_coloured_pillars_altar, overflow_temple_1_default, first_bread
D:3:      portal_sewer_entry_e, nemelex_diamond_rough_becter, uniq_robin
D:4:      serial_shops, shop, uniq_sigmund
D:5:      nicolae_overflow_quartered_altars, temple_doors_d
D:6:      overflow_temple_1_default, lightli_temple_of_fire, amethyst_killhole
D:7:      serial_shops, shop, basic_altar
D:8:      kennysheep_six_static_rooms, lemuel_round_altar, grunt_livestock,
          uniq_erica
D:9:      grunt_temple_overflow_order_and_chaos_2, lair_0_dummy, david_orc_2,
          serial_shops, kennysheep_little_box, minmay_misc_feat_five,
          nicolae_ashenzari_panopticon, uniq_gastronok
D:11:     nooodl_orcs_dogs, uniq_snorg
D:12:     basic_altar, lemuel_old_faithful
D:13:     david_vaults_2, portal_ice_cave_entry_ice_beasts, serial_shops,
          nicolae_shop_behind_doors, uniq_kirke
D:14:     minivault_24
D:15:     hangedman_spin_cycle
Temple:   circular_temple_pool_8
Lair:2:   beast_lair_carwin_11, grunt_megastairs_3
Lair:3:   minmay_swamp_entry_swarm, basic_altar, minivault_26, disabler_island,
          grunt_megastairs_2
Lair:4:   beast_lair_carwin_6
Lair:5:   minmay_snake_entry_guardpost_medium, uniq_maud, uniq_josephine
Lair:6:   erik_1, minivault_24
Lair:7:   nicolae_slime_entry_slimehenge, nicolae_quartered_pool_little
Lair:8:   grunt_lair_end_beastmaster, infiniplex_staircase_pool,
          lemuel_fruit_tree, serial_bayou_shore_b, uniq_nessos
Swamp:1:  nicolae_swamp_fairy_circle
Swamp:2:  evilmike_swamp_ruin_house_6, st_swamp_ruins_1
Swamp:3:  cheibrodos_swamp_tower_of_moss, nicolae_swamp_round_clearing
Swamp:4:  swamp_icy, hangedman_swamp_diagram
Snake:2:  basic_altar, uniq_agnes
Snake:3:  library_closet
Snake:4:  snake_pit, serial_bayou_ford_a
Orc:1:    bloody_trog
Orc:2:    basic_altar
Orc:3:    nicolae_orc_pool_cavern, nicolae_orc_crystal_geode
Orc:4:    grunt_orc_community_town_hall, grunt_orc_community_big_house_2,
          grunt_orc_community_big_house_1, grunt_orc_community_house_3,
          grunt_orc_community_house_2, grunt_orc_community_house_1,
          grunt_orc_community_house_3, serial_shops, shop
Vaults:1: grunt_tower_of_power, hangedman_vaults_snaps,
          nicolae_vaults_rhombus_5, nicolae_vaults_diagonal_hallway_9,
          v_misc_16, hangedman_vaults_stream, grunt_vaults_diagonal,
          vaults_room_hallway, vaults_standard_mumra_enter_the_diamond,
          nicolae_vaults_border_crossing, uniq_nikola
Vaults:2: vaults_room_grunt_arrival_ludios, grunt_vaults_swirl,
          ontoclasm_vaults_pinch, v_pattern_1, minmay_crypt_entry_simple_round,
          st_eye, ontoclasm_vaults_ligature, ontoclasm_vaults_chip,
          ontoclasm_vaults_ring_small, vaults_room_corners,
          nicolae_vaults_mini_display_case
Vaults:3: vaults_room_boxed, v_misc_5, vaults_standard_mumra_x, v_misc_10,
          v_misc_12, vaults_room_pools
Vaults:4: v_misc_32, nicolae_vaults_what_the_h, hangedman_vaults_maws,
          ontoclasm_vaults_claustrophobia, nicolae_vaults_little_squares_4,
          v_misc_15, hangedman_vaults_unwind, hangedman_vaults_corner,
          nicolae_vaults_circle_grid_a, v_rooms_4, v_misc_15, st_spiral_rooms,
          vaults_dpeg_diagonal, v_alt_pattern_3, uniq_xtahua, uniq_wiglaf
Vaults:5: serial_shops, uniq_mennas
Depths:1: minmay_haunted_quarter, rand_demon_pan_entry_3, hell_entry,
          serial_sigils_hangedman_confine, minmay_misc_feat_alley,
          hangedman_decor_slide_cut, serial_bayou_lake_a, firewood_loft
Depths:2: little_maze_vault, hell_entry, kennysheep_cross_room,
          abyss_entry_crystal, infiniplex_staircase_zigzag_2,
          grunt_megastairs_4, uniq_saint_roka, uniq_asterion
Depths:3: gold_lair_mu, serial_shops, shop, hell_entry, grunt_pan_entry_zigzag,
          serial_sigils_hangedman_shear
Depths:4: evilmike_library_of_no_secrets, enter_ziggurat_c, hell_entry,
          minivault_14, pan_entry, abyss_entry, serial_bayou_pond_e,
          infiniplex_staircase_9_rooms, uniq_jorgrun
Depths:5: evilmike_zot_entry_diamond, pf_hell_entry_great_geh,
          minmay_misc_feat_diagonals, dk_noncrumbling_2, dispersion_dpeg
Zot:1:    grunt_ministairs_7
Zot:2:    grunt_megastairs_5
Zot:5:    nicolae_zot_crop_circle
IceCv:    ice_cave_small_demon

Action                   |  1- 3 |  4- 6 |  7- 9 | 10-12 | 13-15 | 16-18 | 19-21 | 22-24 | 25-27 || total
-------------------------+-------+-------+-------+-------+-------+-------+-------+-------+-------++-------
Melee: Spear             |   197 |   191 |   739 |   158 |       |       |       |       |       ||  1285
       Trident           |       |       |       |   252 |    94 |       |       |       |       ||   346
       Glaive            |       |       |       |   438 |  1749 |   891 |       |       |       ||  3078
       Bardiche          |       |       |       |       |     3 |       |       |       |       ||     3
       Executioner's axe |       |       |       |       |     7 |    41 |       |       |       ||    48
       Demon trident     |       |       |       |       |       |  1017 |  2879 |  2573 |  2186 ||  8655
 Fire: Blowgun           |       |       |     5 |    11 |     3 |       |       |       |       ||    19
Throw: Stone             |       |       |     7 |       |       |       |       |       |       ||     7
       Javelin           |       |       |       |     7 |       |     8 |       |       |       ||    15
Invok: Berserk           |     1 |     2 |     4 |     9 |     3 |     6 |     1 |     6 |     5 ||    37
       Trog's Hand       |       |     2 |     3 |     4 |     4 |     1 |     8 |    12 |     3 ||    37
       Burn Spellbooks   |       |       |       |     1 |     4 |     6 |     4 |     9 |     2 ||    26
       Brothers in Arms  |       |       |       |     1 |    10 |     8 |     9 |     9 |     7 ||    44
 Abil: Stop Flying       |       |       |       |       |       |       |       |     1 |       ||     1
       Evoke Flight      |       |       |       |       |       |       |       |     1 |       ||     1
Evoke: Wand              |       |       |     5 |     3 |    22 |    10 |       |     9 |    17 ||    66
       Phial of floods   |       |       |       |       |     1 |       |     1 |     1 |     1 ||     4
       Sack of spiders   |       |       |       |       |       |       |       |     1 |       ||     1
       Phantom mirror    |       |       |       |       |       |       |       |       |     1 ||     1
  Use: Scroll            |       |     3 |     2 |     8 |    25 |    19 |    13 |    22 |    10 ||   102
       Potion            |       |       |       |     8 |     5 |     9 |     6 |    13 |     7 ||    48
 Stab: Sleeping          |     3 |       |       |       |       |       |       |       |       ||     3
       Confused          |       |       |    10 |       |     2 |     3 |       |       |       ||    15
       Distracted        |       |       |       |       |     2 |       |     8 |     3 |     3 ||    16
       Invisible         |       |       |       |       |       |     7 |       |     1 |       ||     8
  Eat: Chunk             |     3 |     6 |    13 |    20 |    31 |    36 |   326 |    62 |   137 ||   634
       Royal jelly       |       |     1 |       |     1 |       |       |       |     2 |     1 ||     5
       Meat ration       |       |       |     2 |       |     5 |     4 |     1 |     8 |     3 ||    23
       Fruit             |       |       |       |     5 |     5 |     9 |     2 |     5 |       ||    26
       Beef jerky        |       |       |       |     3 |       |     7 |     1 |     1 |       ||    12
       Pizza             |       |       |       |       |     1 |     3 |     1 |     1 |    10 ||    16
       Bread ration      |       |       |       |       |       |       |       |       |     9 ||     9
